 Dungeon Crawl Stone Soup version 0.19.4-8-ga85b6b9 (webtiles) character file.

233 stebl the Quickloader (level 6, -12/35 HPs)
             Began as a Kobold Hunter on Feb 12, 2017.
             Shot with an arrow by a centaur (14 damage)
             ... on level 3 of the Dungeon.
             The game lasted 00:16:07 (3675 turns).

stebl the Quickloader (Kobold Hunter)               Turns: 3675, Time: 00:16:08

Health: -12/35     AC:  3    Str:  9    XL:     6   Next: 25%
Magic:  6/6        EV: 15    Int: 12    God:
Gold:   72         SH:  0    Dex: 18    Spells: 0 memorised, 5 levels left

rFire  . . .     SeeInvis .     a - +1 hand crossbow
rCold  . . .     Gourm    .     c - +0 leather armour
rNeg   . . .     Faith    .     (shield restricted)
rPois  .         Spirit   .     (no helmet)
rElec  .         Reflect  .     (no cloak)
rCorr  .         Harm     .     (no gloves)
MR     .....                    (no boots)
Stlth  ++........               (no amulet)
                                (no ring)
                                (no ring)

@: no status effects
A: carnivore 3
a: no special abilities


You were on level 3 of the Dungeon.
You were completely stuffed.

You visited 1 branch of the dungeon, and saw 4 of its levels.

You collected 72 gold pieces.

Inventory:

Hand Weapons
 a - a +1 hand crossbow (weapon)
 b - a +0 short sword
Missiles
 d - 12 bolts (quivered)
Armour
 c - a +0 leather armour (worn)
Jewellery
 n - an uncursed ring of ice
Scrolls
 e - 2 scrolls of amnesia {unknown}
 g - a scroll of enchant weapon {unknown}
 h - a scroll of noise {unknown}
 j - a scroll of enchant armour {unknown}
 m - a scroll of fog {unknown}
 o - a scroll of identify {unknown}
Potions
 k - 2 potions of might {unknown}
 l - a potion of mutation {unknown}
Comestibles
 f - 2 meat rations


   Skills:
 - Level 2.1 Fighting
 + Level 8.1 Crossbows
 - Level 2.4 Dodging
 * Level 3.2 Stealth


You had 5 spell levels left.
You didn't know any spells.

Dungeon Overview and Level Annotations

Branches:
Dungeon (4/15)
 Temple: D:4-7

Altars:
Ashenzari
Qazlal

Annotations:
D:3 Grinder, Robin


Innate Abilities, Weirdness & Mutations

You are small and have problems with some larger weapons.
You are carnivorous and can eat meat at any time.


Message History

The centaur shoots an arrow.
The arrow closely misses you.
Firing (i - inventory):
d - 14 bolts (quivered)
Press: ? - help, Shift-Dir - straight line, f/p - centaur
Aim: a centaur, wielding a shortbow of flaming (lightly wounded)
You shoot a bolt.
The bolt hits the centaur but does no damage.
The centaur is lightly wounded.
The centaur shoots an arrow.
The arrow closely misses you.
Firing (i - inventory):
d - 13 bolts (quivered)
Press: ? - help, Shift-Dir - straight line, f/p - centaur
Aim: a centaur, wielding a shortbow of flaming (lightly wounded)
You shoot a bolt. The bolt hits the centaur!
The centaur is severely wounded.
The centaur shoots an arrow.
The arrow hits you!
* * * LOW HITPOINT WARNING * * *
The arrow burns you!
* * * LOW HITPOINT WARNING * * *
The orc hits you but does no damage.
The centaur shoots an arrow.
The arrow hits you!
You die...

.....######
..........#
#..
#.........###
#.#
#<†.........#
#c#
#.†....#..#.#
#.#
#..g...g..#
#.#
#......#..#
####.###.#
#......#..#
#........#
#......# .#
#@# #......#.
# #.o...#
......g..
#(#..?#
#.#.####.
#.#...#
#.#.##### ...
..# ..#......
..# ..#
.....#######
### ##
............
#..........##


You could see a centaur and an orc.

Vanquished Creatures
  A sky beast (D:3)
  5 adders
  2 oozes (D:2)
  3 worms (D:2)
  3 dart slugs (D:1)
  2 leopard geckos
  2 ball pythons
  5 bats
  3 giant cockroaches
  9 goblins
  8 hobgoblins
  3 jackals (D:1)
  11 kobolds
  A quokka (D:2)
  4 frilled lizards
  11 rats
73 creatures vanquished.

Notes
Turn   | Place    | Note
-------+----------+-------------------------------------------
     0 | D:1      | stebl the Kobold Hunter began the quest for the Orb.
     0 | D:1      | Reached XP level 1. HP: 12/12 MP: 1/1
    71 | D:1      | Reached skill level 5 in Crossbows
   715 | D:1      | Reached XP level 2. HP: 17/17 MP: 2/2
  1180 | D:1      | Reached XP level 3. HP: 13/21 MP: 3/3
  1364 | D:1      | Reached skill level 6 in Crossbows
  1858 | D:2      | Reached XP level 4. HP: 26/26 MP: 4/4
  2522 | D:2      | Reached skill level 7 in Crossbows
  2522 | D:2      | Reached XP level 5. HP: 26/30 MP: 5/5
  2920 | D:2      | Found a stormy altar of Qazlal.
  3022 | D:3      | Noticed Grinder
  3023 | D:3      | Noticed Robin
  3025 | D:3      | Paralysed by Grinder for 4 turns
  3149 | D:3      | Noticed a sky beast
  3161 | D:3      | Killed a sky beast
  3161 | D:3      | Reached skill level 8 in Crossbows
  3161 | D:3      | Reached XP level 6. HP: 16/35 MP: 6/6
  3162 | D:3      | Found a shattered altar of Ashenzari.
  3675 | D:3      | Shot with an arrow by a centaur

Skill      XL: |  1  2  3  4  5 |
---------------+----------------+-----
Crossbows      | 5 6 7 8 |  8.1
Stealth        | 3 |  3.2
Fighting       | |  2.1
Dodging        | |  2.4

Action                   |  1- 3 |  4- 6 || total
-------------------------+-------+-------++-------
Melee: Short sword       |    96 |   102 ||   198
 Fire: Hand crossbow     |    17 |    46 ||    63
 Stab: Sleeping          |     1 |     3 ||     4
       Distracted        |       |     1 ||     1
  Eat: Chunk             |    11 |     6 ||    17
Armor: Leather armour    |    22 |    19 ||    41
Dodge: Dodged            |    65 |    97 ||   162
